 Dungeon Crawl Stone Soup version 0.19-a0-1445-ge808afc (console) character file.

18 Svalbardcaretaker the Ducker (level 2, 9/16 HPs)
             Began as a Spriggan Monk on Sept 5, 2016.
             Quit the game on level 3 of the Dungeon.
             The game lasted 00:01:18 (957 turns).

Svalbardcaretaker the Ducker (Spriggan Monk)         Turns: 957, Time: 00:01:18

Health: 9/16       AC:  2    Str:  7    XL:     2   Next: 48%
Magic:  3/3        EV: 20    Int: 11    God:
Gold:   25         SH:  0    Dex: 18    Spells: 0 memorised, 1 level left

rFire  . . .     SeeInvis +       - Unarmed
rCold  . . .     Gourm    .     a - +0 robe
rNeg   . . .     Faith    .     (shield restricted)
rPois  .         Spirit   .     (helmet restricted)
rElec  .         Dismiss  .     (no cloak)
rCorr  .         Reflect  .     (gloves unavailable)
MR     .....     Harm     .     (boots unavailable)
Stlth  +++.......               (no amulet)
                                (no ring)
                                (no ring)

@: very quick
A: unfitting armour, see invisible, herbivore 3, speed 3, slow metabolism 2
a: no special abilities


You were on level 3 of the Dungeon.
You were not hungry.

You visited 1 branch of the dungeon, and saw 3 of its levels.

You collected 25 gold pieces.


Innate Abilities, Weirdness & Mutations

You are tiny and cannot use many weapons and most armour.
You have supernaturally acute eyesight. (SInv)
You are a herbivore.
You cover ground extremely quickly.
You need consume almost no food.


   Skills:
 - Level 2.4 Fighting
 + Level 4.8 Dodging
 - Level 3.0 Stealth
 * Level 3.0 Unarmed Combat


You had one spell level left.
You didn't know any spells.

Inventory:

Armour
 a - a +0 robe (worn)
Scrolls
 c - 2 scrolls of immolation {unknown}
 e - a scroll of amnesia {unknown}
 i - a scroll of identify {unknown}
 k - a scroll of blinking {unknown}
Potions
 d - a potion of magic {unknown}
 f - a potion of ambrosia {unknown}
 g - a potion of agility {unknown}
 h - a potion of curing {unknown}
 j - a potion of might {unknown}
Comestibles
 b - 2 bread rations

Dungeon Overview and Level Annotations

Branches:
Dungeon (3/15)

Altars:
Makhleb

#.####..........# ####.# ##
#.##........†..## #...# #
...=............## ##.### #
..........?..$....#.#<.######
#.#.................#...#≈≈≈≈
.................#..#...#≈.8.
........................).8.≈
................!.....###≈≈≈≈
##................... #####
##...†..............
#......br@..........
...........w..........
......................
............####..##..
r...........# .## #
............. ##
.............. .......


You could see a worm, a bat and a rat.


Message History

You are too injured to fight recklessly!
You are too injured to fight recklessly!
You are too injured to fight recklessly!
You are too injured to fight recklessly!
You are too injured to fight recklessly!
You are too injured to fight recklessly!
You are too injured to fight recklessly!
You are too injured to fight recklessly!
You are too injured to fight recklessly!
You are too injured to fight recklessly!
You are too injured to fight recklessly!
You are too injured to fight recklessly!
You are too injured to fight recklessly!
You hit the worm.
The worm is moderately wounded.
The bat barely misses you.
You hit the worm.
The worm is moderately wounded.
The bat hits you but does no damage. The worm closely misses you.
You hit the worm.
The worm is heavily wounded.
The bat barely misses you. The rat misses you.
You hit the worm.
The worm is severely wounded.
The bat completely misses you. The bat misses you. The rat closely misses you.
The worm closely misses you.
You barely miss the worm.
The worm is severely wounded.
The bat barely misses you. The rat barely misses you.
Are you sure you want to abandon this character and quit the game? (Confirm with "yes".)

Action                   || total
-------------------------++-------
Melee: Unarmed           ||    82
Invok: Renounce Religion ||     1
 Stab: Sleeping          ||     1
Armor: Robe              ||     7
Dodge: Dodged            ||    85

Vault maps used:
D:1:      dpeg_arrival_three_same_balls, minmay_misc_feat_iff,
          minmay_stone_trees_small
D:2:      gammafunk_temple_overflow_wave, serial_bayou_pond_c, uniq_sigmund
D:3:      lemuel_doored_altar, ecumenical_altar_1, kennysheep_generic_room_14

Notes
Turn   | Place    | Note
-------+----------+-------------------------------------------
     0 | D:1      | Svalbardcaretaker the Spriggan Monk began the quest for the Orb.
     0 | D:1      | Reached XP level 1. HP: 11/11 MP: 2/2
   707 | D:3      | Reached XP level 2. HP: 10/16 MP: 3/3
   885 | D:3      | Found a faded altar of an unknown god.
   902 | D:3      | Became a worshipper of Makhleb the Destroyer
   902 | D:3      | Reached * piety under Makhleb
   902 | D:3      | Reached ** piety under Makhleb
   914 | D:3      | Fell from the grace of Makhleb
   926 | D:3      | Reached skill level 3 in Unarmed Combat
   957 | D:3      | Quit the game

Vanquished Creatures
  A worm (D:3)
  A giant gecko (D:3)
  3 bats (D:1)
  A goblin (D:1)
  3 hobgoblins
  A giant newt (D:3)
  3 rats
13 creatures vanquished.
